 Dungeon Crawl Stone Soup version 0.29.0-11-gd7f09526c8 (webtiles) character file.

Game seed: 14551696449800539858

5237 doricub5 the Fighter (level 10, 0/100 HPs)
             Began as a Minotaur Fighter on Sept 2, 2022.
             Was a Priest of Okawaru.
             Killed by vampiric draining
             ... invoked by a vampire
              (10 damage)
             ... on level 8 of the Dungeon.
             The game lasted 00:48:38 (9704 turns).

doricub5 the Fighter (Minotaur Fighter)             Turns: 9704, Time: 00:48:39

Health: 0/100      AC: 21    Str: 26    XL:     10   Next: 35%
Magic:  9/9        EV:  5    Int:  5    God:    Okawaru [***...]
Gold:   471        SH: 14    Dex:  9    Spells: 9/9 levels left

rFire   . . .      SeeInvis .   d - +2 whip (flame)
rCold   . . .      Faith    .   e - +0 tower shield
rNeg    . . .      Spirit   .   z - +0 plate armour
rPois   .          Reflect  .   (helmet restricted)
rElec   .          Harm     .   y - +0 cloak {Will+}
rCorr   +          Rampage  .   (no gloves)
Will    +....                   (no boots)
Stlth   ..........              (no amulet)
HPRegen 0.26/turn               E - +4 ring of protection
MPRegen 0.11/turn               D - ring of resist corrosion

@: studying Armour
A: horns 2, retaliatory headbutt
a: Renounce Religion, Heroism


You were on level 8 of the Dungeon.
You worshipped Okawaru.
Okawaru was most pleased with you.
You visited 2 branches of the dungeon, and saw 9 of its levels.

You collected 471 gold pieces.

Inventory:

Hand Weapons
 a - a +2 war axe
 d - a +2 whip of flaming (weapon)
 q - a +3 short sword of speed
 C - a +1 trident
Armour
 e - a +0 tower shield (worn)
 y - a +0 cloak of willpower (worn)
 z - a +0 plate armour (worn)
Jewellery
 t - a +6 ring of intelligence
 w - a ring of flight
 D - a ring of resist corrosion (right hand)
 E - a +4 ring of protection (left hand)
Wands
 A - a wand of acid (4)
 H - a wand of iceblast (9)
Scrolls
 b - 2 scrolls of fear {unknown}
 f - 2 scrolls of immolation {unknown}
 h - 2 scrolls of poison {unknown}
 j - a scroll of torment {unknown}
 l - 2 scrolls of teleportation
 o - a scroll of enchant armour {unknown}
 r - a scroll of blinking {unknown}
 v - 2 scrolls of vulnerability {unknown}
 x - a scroll of magic mapping {unknown}
 B - 3 scrolls of amnesia
 G - a scroll of fog {unknown}
Potions
 c - a potion of heal wounds
 g - a potion of flight {unknown}
 i - 7 potions of curing
 k - 3 potions of haste
 m - 2 potions of ambrosia
 n - a potion of brilliance {unknown}
 p - a potion of invisibility {unknown}
 u - 2 potions of degeneration {unknown}
 F - a potion of attraction {unknown}
 I - a potion of berserk rage {unknown}


   Skills:
 * Level 12.8 Fighting
 - Level 2.4 Polearms
 + Level 12.3 Armour
 + Level 9.5 Shields
 + Level 0.1 Invocations
 - Level 4.0 Evocations


You had 9 spell levels left.
You didn't know any spells.
Your spell library contained the following spells:

 Spells                   Type           Power      Damage    Failure   Level
 Magic Dart               Conj           0%         1d3       100%        1
 Blink                    Tloc           0%         N/A       100%        2
 Searing Ray              Conj           0%         2d4       100%        2
 Dazzling Flash           Conj/Hex       0%         N/A       100%        3
 Lesser Beckoning         Tloc           0%         N/A       100%        3
 Portal Projectile        Hex/Tloc       0%         N/A       100%        3
 Fulminant Prism          Conj/Hex       0%         3d6       100%        4
 Iskenderun's Mystic Bla  Conj/Tloc      0%         2d3       100%        4
 Leda's Liquefaction      Hex/Erth       0%         N/A       100%        4
 Manifold Assault         Tloc           0%         N/A       100%        5
 Starburst                Conj/Fire      0%         6d3       100%        6
 Orb of Destruction       Conj           0%         9d5       100%        7
 Call Canine Familiar     Summ           Unusable   N/A       N/A         3
 Summon Guardian Golem    Hex/Summ       Unusable   N/A       N/A         3
 Spellforged Servitor     Conj/Summ      Unusable   N/A       N/A         7

Dungeon Overview and Level Annotations

Branches:
Dungeon (8/15)             Temple (1/1) D:5            Lair (0/5) D:8

Altars:
Cheibriados
Elyvilon
Gozag
Hepliaklqana
Kikubaaqudgha
Makhleb
Nemelex Xobeh
Okawaru
Qazlal
Sif Muna
Uskayaw
Vehumet
Xom
Yredelemnul
The Shining One

Shops:
D:5 :   D:8 ?


Innate Abilities, Weirdness & Mutations

You have a pair of horns on your head.
You reflexively headbutt those who attack you in melee.


Message History

Something bites you!
* * * LOW HITPOINT WARNING * * *
Something draws strength from your injuries!
You closely miss something. Something hits you but does no damage.
Something bites you!
* * * LOW HITPOINT WARNING * * *
Something draws strength from your injuries!
Something hits you.
* * * LOW HITPOINT WARNING * * *
Something bites you.
* * * LOW HITPOINT WARNING * * *
Something draws strength from your injuries!
You feel much better. You block something's attack.
Something bites you but does no damage.
You fail to use your ability.
You block something's attack. Something bites you but does no damage.
You miss something. Your headbutt misses something. Something hits you.
Something completely misses you.
You hit something but do no damage. You headbutt something.
Something hits you but does no damage. Something bites you but does no damage.
You whack something! You burn something. You block something's attack. x2
Something hits you!
* * * LOW HITPOINT WARNING * * *
Something bites you but does no damage.
You barely miss something. Something hits you but does no damage.
Something bites you but does no damage.
You miss something. You headbutt something!
Something hits you but does no damage. Something bites you but does no damage.
You barely miss something. Something hits you but does no damage.
You block something's attack. Something hits you!
* * * LOW HITPOINT WARNING * * *
Something bites you!
* * * LOW HITPOINT WARNING * * *
Something draws strength from your injuries!
You hit something. You burn something. Something draws life force from you.
* * * LOW HITPOINT WARNING * * *
You miss something. You headbutt something.
A vampire appears from thin air!
Reactivating autopickup.
The vampire draws life force from you!
You die...

#.......# #.............
#.......# #.............
#(......# .....####†###
#.......#########...#.......
#.#...............#...#.......
.∩................#...#.......
.#...............#....P.P....
#.................#...........
#...........V@.......P.....P..
#................P........PPP.
#.......########..†..P.....PP.
#.......#.........P.P.PP.P....
#.....>.#........PP.....P..P.P
#.......#.......†P.P...PP...PP
....... .............P.>PPP(
..). ......P.P....P.PP..
#........P....PP.


You could see a vampire.

Vanquished Creatures
  Pikel (D:4)
  Maurice (D:8)
  The ghost of pigah the Gusty, a novice OpAE (D:6)
  Sigmund (D:6)
  Duvessa (D:6)
  3 water moccasins
  2 sky beasts (D:7)
  An orc warrior (D:6)
  2 ice beasts
  3 black bears (D:8)
  3 ogres
  A centaur (D:7)
  4 lemures (D:4)
  2 phantoms (D:6)
  A kobold brigand (D:6)
  Blork the orc (D:4)
  5 bullfrogs (D:8)
  4 scorpions
  10 wights
  Dowan (D:6)
  A killer bee (D:7)
  A vampire bat (D:3)
  3 orc priests
  3 jellies
  3 hounds
  Crazy Yiuf (D:3)
  Ijyb (D:5)
  6 iguanas
  2 orc wizards (D:6)
  A howler monkey zombie (D:3)
  7 gnolls
  11 adders
  A shadow imp (D:5)
  2 ufetubi
  An adder zombie (D:3)
  A worm (D:3)
  6 dart slugs
  3 fire bats (D:3)
  12 orcs
  2 spectral bats (D:3)
  7 ball pythons
  13 bats
  3 bat skeletons (D:3)
  A bat zombie (D:3)
  5 endoplasms
  3 giant cockroaches
  8 goblins
  6 hobgoblins
  7 jackals
  3 quokkas
  A bat simulacrum (D:3)
  A frilled lizard (D:1)
  15 kobolds
  8 rats
197 creatures vanquished.

Vanquished Creatures (collateral kills)
  Grinder (D:5)
1 creature vanquished.

Vanquished Creatures (others)
  15 fungi (D:8)
  20 plants (D:8)
35 creatures vanquished.

Grand Total: 233 creatures vanquished

Notes
Turn   | Place    | Note
-------+----------+-------------------------------------------
     0 | D:1      | doricub5 the Minotaur Fighter began the quest for the Orb.
     0 | D:1      | Reached XP level 1. HP: 19/19 MP: 0/0
   170 | D:1      | Reached XP level 2. HP: 23/27 MP: 1/1
   295 | D:1      | Found a faded altar of an unknown god.
   494 | D:2      | Reached XP level 3. HP: 22/34 MP: 2/2
   867 | D:2      | Reached XP level 4. HP: 37/41 MP: 3/3
   969 | D:2      | Reached skill level 5 in Fighting
  1072 | D:2      | Found a burning altar of Makhleb.
  2003 | D:3      | Reached XP level 5. HP: 48/48 MP: 4/4
  2088 | D:3      | Reached skill level 5 in Armour
  2088 | D:3      | Reached skill level 5 in Shields
  2234 | D:3      | Found an opulent altar of Gozag.
  2271 | D:3      | Reached XP level 6. HP: 58/58 MP: 5/5
  2409 | D:3      | Found a basalt altar of Yredelemnul.
  2619 | D:3      | Found a runed translucent door.
  2620 | D:3      | Noticed Crazy Yiuf
  2626 | D:3      | Killed Crazy Yiuf
  2646 | D:3      | Identified a scroll of acquirement
  2647 | D:3      | Acquired a manual of Armour
  2780 | D:4      | Noticed Blork the orc
  2801 | D:4      | Killed Blork the orc
  2808 | D:4      | Reached XP level 7. HP: 21/66 MP: 6/6
  3197 | D:4      | Noticed Pikel
  3205 | D:4      | Killed Pikel
  3206 | D:4      | Reached XP level 8. HP: 29/77 MP: 7/7
  3434 | D:4      | Found an ancient bone altar of Kikubaaqudgha.
  3575 | D:4      | Found a radiant altar of Vehumet.
  3794 | D:4      | Found a shimmering altar of Xom.
  3823 | D:4      | Found a shimmering blue altar of Sif Muna.
  3988 | D:5      | Entered Level 5 of the Dungeon
  4006 | D:5      | Found Cixamoaw's Book Emporium.
  4279 | D:5      | Found a white marble altar of Elyvilon.
  4451 | D:5      | Noticed Ijyb
  4459 | D:5      | Noticed Grinder
  4460 | D:5      | Killed Ijyb
  4468 | D:5      | Paralysed by Grinder for 5 turns
  4481 | D:5      | Killed Grinder
  4780 | D:5      | Reached skill level 10 in Fighting
  5023 | D:5      | Found a stormy altar of Qazlal.
  5181 | D:5      | Found a sparkling altar of Nemelex Xobeh.
  5343 | D:5      | Found a staircase to the Ecumenical Temple.
  5352 | Temple   | Entered the Ecumenical Temple
  5355 | Temple   | Became a worshipper of Warmaster Okawaru
  5414 | D:6      | Found a hazy altar of Hepliaklqana.
  5450 | D:6      | Noticed Duvessa
  5451 | D:6      | Noticed Dowan
  5472 | D:6      | Killed Duvessa
  5476 | D:6      | Killed Dowan
  5747 | D:6      | Reached XP level 9. HP: 76/86 MP: 8/8
  5782 | D:6      | Reached skill level 1 in Evocations
  5784 | D:6      | Reached skill level 10 in Armour
  6021 | D:6      | Found a burning altar of Makhleb.
  6028 | D:6      | Noticed Sigmund
  6047 | D:6      | Found the +3 woodcutter's axe {vorpal}
  6353 | D:6      | Reached * piety under Okawaru
  6717 | D:6      | Killed Sigmund
  6951 | D:6      | Found a runed translucent door.
  6952 | D:6      | Noticed pigah's ghost (novice OpAE)
  6964 | D:6      | Killed pigah's ghost
  7809 | D:7      | Found a snail-covered altar of Cheibriados.
  7897 | D:7      | Reached ** piety under Okawaru
  8371 | D:7      | Found a glowing golden altar of the Shining One.
  8588 | D:7      | Noticed a +0 falchion
  8589 | D:7      | Noticed a +0 falchion
  8589 | D:7      | Noticed a +0 dagger
  8590 | D:7      | Noticed a +0 short sword
  8590 | D:7      | Noticed a +0 spear
  8590 | D:7      | Noticed a +0 dagger
  8592 | D:7      | Noticed a +0 spear
  8593 | D:7      | Noticed a +0 short sword
  8736 | D:7      | Reached XP level 10. HP: 97/97 MP: 9/9
  9100 | D:7      | Found a hide-covered altar of Uskayaw.
  9567 | D:8      | Noticed Maurice
  9577 | D:8      | Killed Maurice
  9611 | D:8      | Reached *** piety under Okawaru
  9625 | D:8      | Found a staircase to the Lair.
  9665 | D:8      | Found Pulahev's Magic Scroll Shop.
  9704 | D:8      | Killed from afar by a vampire

Illustrated notes

Levels and vault maps discovered:
D:1:      dpeg_arrival_pits, layout_rooms,
          shapermc_ecumenical_altar_mp_ritualfount
D:2:      layout_loops_ring, basic_altar, minmay_cut_off
D:3:      layout_rooms, nicolae_overflow_crystal_walls,
          lemuel_zombie_altar_yredelemnul, goddamned_bats,
          uniq_crazy_yiuf_cottage
D:4:      layout_basic, mainiacjoe_overflow_paths, lemuel_blue_sif_altar,
          fiery_altar_vehumet, kennysheep_mini, uniq_pikel, uniq_blork_the_orc
D:5:      layout_loops_corners, nemelex_dance_club_becter, elyvilon_altar_4,
          lemuel_crystal_altar, lemuel_temple_firewalk_a, serial_shops,
          nicolae_take_the_stairs, uniq_ijyb, uniq_grinder
D:6:      layout_basic, mainiacjoe_overflow_brackets,
          worldfamousw_hep_ancestral_shrine, gammafunk_ghost_grave,
          uniq_sigmund, uniq_duvessa
D:7:      layout_layer_cave, mainiacjoe_overflow_big_doors,
          nicolae_uskayaw_en_pointe, grunt_ministairs_2,
          kennysheep_generic_room_5
D:8:      layout_gridville, lemuel_crystal_altar, fedhas_bush_and_centaur_altar,
          due_lair_maze_entry_diamond, serial_shops, nicolae_square_shop,
          nicolae_shop_crystal, shop, uniq_maurice
Temple:   ebering_the_one_and_only

Skill      XL: |  1  2  3  4  5  6  7  8  9 10 |
---------------+-------------------------------+-----
Fighting       | 4 5 6 7 8 10 12 | 12.8
Armour         | 4 5 6 7 9 11 12 | 12.3
Shields        | 4 5 6 7 9 |  9.5
Evocations     | 3 4 |  4.0
Polearms       | |  2.4
Invocations    | |  0.1

Action                   |  1- 3 |  4- 6 |  7- 9 | 10-12 || total
-------------------------+-------+-------+-------+-------++-------
Melee: Trident           |   102 |   173 |   106 |       ||   381
       Headbutt          |    12 |    18 |    61 |    25 ||   116
       Whip              |       |       |   262 |   107 ||   369
Throw: Throwing net      |       |       |     1 |     1 ||     2
Invok: Heroism           |       |       |       |     1 ||     1
Evoke: Wand              |       |       |     1 |     3 ||     4
  Use: Scroll            |       |     6 |     3 |       ||     9
       Potion            |       |     2 |     3 |     2 ||     7
Armor: Scale mail        |    52 |    26 |       |       ||    78
       Chain mail        |       |    99 |    31 |       ||   130
       Plate armour      |       |       |   148 |    94 ||   242
Dodge: Dodged            |    19 |    54 |    51 |    19 ||   143
Block: Tower shield      |    62 |   161 |   282 |   105 ||   610
